 Dungeon Crawl Stone Soup version 0.23.2-30-g0e89c35 (webtiles) character file.

Game seed: 12992968663539120040

15121 Fang the Fighter (level 12, -4/80 HPs)
             Began as a Gargoyle Berserker on June 7, 2019.
             Was an Elder of Trog.
             Slain by a titanic slime creature (34 damage)
             ... on level 12 of the Dungeon.
             The game lasted 00:12:19 (10620 turns).

Fang the Fighter (Gargoyle Berserker)              Turns: 10620, Time: 00:12:19

Health: -4/80      AC: 28    Str: 27    XL:     12   Next: 23%
Magic:  12/12      EV:  6    Int:  7    God:    Trog [****..]
Gold:   676        SH:  0    Dex:  9    Spells: 11/11 levels left

rFire    . . .     SeeInvis .   a - +2 war axe
rCold    + . .     Gourm    .   (no shield)
rNeg     + . .     Faith    .   b - +2 plate armour {rC+}
rPois    ∞         Spirit   .   (no helmet)
rElec    +         Reflect  .   (no cloak)
rCorr    .         Harm     .   (no gloves)
MR       .....                  (no boots)
Stlth    ..........             (no amulet)
HPRegen  0.23/turn              (no ring)
MPRegen  0.13/turn              u - +3 ring of protection

@: berserk cooldown, held, slowed, very slow
A: negative energy resistance 1, electricity resistance, unbreathing,
petrification resistance, rot immunity, AC +8
a: Berserk, Trog's Hand, Brothers in Arms, Renounce Religion


You were on level 12 of the Dungeon.
You worshipped Trog.
Trog was greatly pleased with you.
You were near starving.

You visited 2 branches of the dungeon, and saw 13 of its levels.

You collected 676 gold pieces.

Inventory:

Hand Weapons
 a - a +2 war axe (weapon)
Armour
 b - a +2 plate armour of cold resistance (worn)
Jewellery
 u - a +3 ring of protection (right hand)
Wands
 d - a wand of flame (24)
 t - a wand of paralysis (3)
Scrolls
 e - 3 scrolls of teleportation
 g - 2 scrolls of magic mapping
 i - 4 scrolls of identify
 k - 9 scrolls of remove curse
 m - a scroll of enchant armour
 o - a scroll of acquirement {unknown}
 p - 3 scrolls of fog
 r - 2 scrolls of blinking
Potions
 h - 3 potions of heal wounds
 j - 4 potions of haste
 l - 2 potions of curing
 n - a potion of cancellation
 q - 2 potions of might
 s - 2 potions of agility
 w - a potion of berserk rage
 x - 2 potions of ambrosia
 A - a potion of flight
 C - a potion of invisibility
Comestibles
 c - 20 rations
 f - 24 chunks of flesh


   Skills:
 + Level 11.1 Fighting
 + Level 9.5 Axes
 + Level 10.9 Armour
 + Level 8.5 Dodging


You had 11 spell levels left.
You didn't know any spells.
Your spell library was empty.

Dungeon Overview and Level Annotations

Branches:
Dungeon (12/15)            Temple (1/1) D:4            Lair (0/6) D:10
    Orc (0/2) D:12

Altars:
Dithmenos
Fedhas
Okawaru
Ru
Xom
Yredelemnul
Zin

Shops:
D:8 [


Innate Abilities, Weirdness & Mutations

You are resistant to torment.
Your stone body is resilient. (AC +8)
You are immune to poison.
You resist negative energy. (rN+)
You are resistant to electric shocks. (rElec)
You can survive without breathing.
You are immune to petrification.
You are immune to rotting.


Message History

* * * LOW HITPOINT WARNING * * *
The bolt of electricity hits the electric eel.
The electric eel completely resists.
The adder completely misses you.
You feel a strong urge to attack something.
The electric eel shoots out a bolt of lightning at you!
The bolt of electricity hits you but does no damage.
You resist.
You feel your anger nearly subside.
You are no longer berserk.
You are exhausted.
You feel yourself slow down.
The gnoll shouts!
The gnoll throws a throwing net.
The throwing net hits you.
You become entangled in the net!
You see here a throwing net.
You feel much better.
An ogre comes into view. It is wielding a +0 giant spiked club.
The titanic slime creature hits you!!
* * * LOW HITPOINT WARNING * * *
You feel much better. The titanic slime creature hits you!!
You die...

#.# #.# #g# ####### #.#
#8...8## ... #..^..#. #.#
#..>..## #.# #.....# #@#
#8...8# #J# #####'#### #S#
#.....))).
#########o#######.#######.
.c....o............# #...
######c########;O######.##
#.#. ....c...... ...≈.#
#..# #.#.
.##Sc#.######≈.≈.≈ ##.# #
.. .#ZYc..........≈.≈ #.##
##


You could see a titanic slime creature, an orc warrior, an ogre, an electric
eel, a gnoll and an adder.

Vanquished Creatures
  Erica (D:8)
  2 centaur warriors (D:9)
  2 two-headed ogres
  An unseen horror (D:9)
  A manticore (D:11)
  A komodo dragon (D:10)
  6 trolls
  A hornet (D:8)
  A slime creature (D:12)
  Prince Ribbit (D:7)
  The ghost of belegose the Sneak, an amateur OpAM (D:3)
  A hippogriff (D:9)
  A wraith (D:11)
  A wyvern (D:9)
  2 fire elementals (D:12)
  4 hogs (D:9)
  A human (D:9)
  A yak (D:12)
  A basilisk (D:9)
  A steam dragon (D:10)
  An acid dragon (D:12)
  3 hell hounds (D:12)
  A water moccasin (D:6)
  5 sky beasts
  6 orc warriors
  2 necrophages
  2 phantoms
  6 ogres
  6 centaurs
  2 crocodiles (D:11)
  4 big kobolds
  5 bullfrogs
  A gnoll sergeant (D:9)
  A wyvern skeleton (D:12)
  3 scorpions
  11 killer bees
  5 wights (D:11)
  2 howler monkeys
  5 crimson imps
  A bullfrog zombie (D:7)
  2 centaur zombies
  A jelly (D:9)
  2 centaur skeletons
  2 quasits
  5 orc priests
  3 hounds
  5 orc wizards
  A bullfrog skeleton (D:11)
  4 iguanas
  Terence (D:3)
  12 worker ants
  A hound skeleton (D:10)
  A mummy (D:5)
  4 gnolls (D:9)
  A howler monkey skeleton (D:8)
  10 adders
  A shadow imp (D:8)
  An ooze (D:3)
  2 adder skeletons
  2 worms
  A dart slug (D:2)
  9 leopard geckos
  39 orcs
  2 ball pythons
  6 bats
  3 giant cockroaches
  10 goblins
  6 hobgoblins
  9 jackals
  2 quokkas
  2 frilled lizards (D:3)
  A goblin zombie (D:5)
  A jackal skeleton (D:4)
  16 kobolds
  An orc zombie (D:5)
  4 rats
  A bush (D:12)
  A plant (D:10)
278 creatures vanquished.

Vanquished Creatures (collateral kills)
  Azrael (D:12)
1 creature vanquished.

Vanquished Creatures (others)
  An adder (D:12)
  3 bushes (D:12)
  3 plants (D:10)
7 creatures vanquished.

Grand Total: 286 creatures vanquished

Notes
Turn   | Place    | Note
-------+----------+-------------------------------------------
     0 | D:1      | Fang the Gargoyle Berserker began the quest for the Orb.
     0 | D:1      | Reached XP level 1. HP: 14/14 MP: 1/1
    83 | D:1      | Reached XP level 2. HP: 12/19 MP: 2/2
   425 | D:1      | Reached XP level 3. HP: 23/23 MP: 3/3
   682 | D:2      | Reached ** piety under Trog
   811 | D:2      | Reached XP level 4. HP: 18/29 MP: 4/4
  1320 | D:3      | Reached skill level 4 in Fighting
  1393 | D:3      | Noticed Terence
  1410 | D:3      | Killed Terence
  1410 | D:3      | Reached XP level 5. HP: 23/33 MP: 5/5
  1660 | D:3      | Noticed a phantom
  1681 | D:3      | Killed a phantom
  1681 | D:3      | Reached XP level 6. HP: 39/39 MP: 6/6
  1914 | D:3      | Found a runed translucent gate.
  1914 | D:3      | Found a runed translucent gate.
  1916 | D:3      | Found a runed translucent gate.
  1917 | D:3      | Noticed belegose's ghost (amateur OpAM)
  2149 | D:3      | Killed belegose's ghost
  2149 | D:3      | Reached skill level 5 in Fighting
  2227 | D:4      | Found a staircase to the Ecumenical Temple.
  2239 | D:4      | Reached XP level 7. HP: 39/44 MP: 7/7
  2284 | Temple   | Entered the Ecumenical Temple
  2318 | D:4      | Found a shadowy altar of Dithmenos.
  2319 | D:4      | Found an iron altar of Okawaru.
  2332 | D:4      | You fall through a shaft for 3 floors!
  2465 | D:7      | Reached *** piety under Trog
  2509 | D:7      | Reached skill level 5 in Armour
  2512 | D:7      | Noticed Prince Ribbit
  2532 | D:7      | Killed Prince Ribbit
  2532 | D:7      | Reached skill level 6 in Fighting
  2532 | D:7      | Reached XP level 8. HP: 44/51 MP: 8/8
  2549 | D:7      | Reached skill level 5 in Axes
  2600 | D:7      | HP: 1/51 [orc priest/divine providence (13)]
  3516 | D:6      | Reached skill level 7 in Fighting
  3516 | D:6      | Reached XP level 9. HP: 39/57 MP: 9/9
  3727 | D:6      | You fall through a shaft for 2 floors!
  3769 | D:8      | Noticed Erica
  3776 | D:8      | Reached skill level 5 in Dodging
  3783 | D:8      | Killed Erica
  3863 | D:8      | Noticed a hornet
  3872 | D:8      | Killed a hornet
  4166 | D:8      | Found Okokiji's Armour Shoppe.
  4595 | D:8      | Reached skill level 8 in Fighting
  4607 | D:8      | Reached **** piety under Trog
  4954 | D:6      | Reached XP level 10. HP: 59/64 MP: 10/10
  5332 | D:5      | Entered Level 5 of the Dungeon
  5335 | D:5      | Found a basalt altar of Yredelemnul.
  6614 | D:4      | Found a shimmering altar of Xom.
  6746 | D:9      | Found a sacrificial altar of Ru.
  7052 | D:9      | Reached skill level 9 in Fighting
  7187 | D:9      | Found a blossoming altar of Fedhas.
  7188 | D:9      | Noticed a centaur warrior
  7189 | D:9      | Noticed a centaur warrior
  7206 | D:9      | Killed an unseen horror
  7213 | D:9      | Killed a centaur warrior
  7234 | D:9      | Killed a centaur warrior
  7234 | D:9      | Reached XP level 11. HP: 42/72 MP: 11/11
  7251 | D:9      | Reached ***** piety under Trog
  7737 | D:9      | Found a glowing silver altar of Zin.
  7805 | D:9      | Reached skill level 10 in Fighting
  7888 | D:10     | Entered Level 10 of the Dungeon
  8228 | D:10     | Received a gift from Trog
  8287 | D:10     | Found a staircase to the Lair.
  8504 | D:10     | Noticed a two-headed ogre
  8516 | D:10     | Killed a two-headed ogre
  8516 | D:10     | Reached skill level 10 in Armour
  8886 | D:11     | Noticed a manticore
  8899 | D:11     | Killed a manticore
 10011 | D:12     | Noticed Azrael
 10039 | D:12     | Killed Azrael
 10039 | D:12     | Reached XP level 12. HP: 34/79 MP: 12/12
 10255 | D:12     | Noticed a two-headed ogre
 10262 | D:12     | Killed a two-headed ogre
 10262 | D:12     | Reached skill level 11 in Fighting
 10572 | D:12     | Found a staircase to the Orcish Mines.
 10594 | D:12     | HP: 4/80 [very large slime creature (29)]
 10620 | D:12     | Slain by a titanic slime creature

Skill      XL: |  1  2  3  4  5  6  7  8  9 10 11 12 |
---------------+-------------------------------------+-----
Axes           | 3 4 5 6 8 9 |  9.5
Dodging        | 2 3 4 6 7 8 |  8.5
Armour         | 3 4 5 6 7 9 10 | 10.9
Fighting       | 4 5 6 7 8 9 10 11 | 11.1

Action                   |  1- 3 |  4- 6 |  7- 9 | 10-12 || total
-------------------------+-------+-------+-------+-------++-------
Melee: Hand axe          |   114 |   161 |     1 |       ||   276
       War axe           |       |       |   286 |   585 ||   871
Invok: Berserk           |       |     2 |     6 |     8 ||    16
       Trog's Hand       |       |       |     1 |     1 ||     2
       Brothers in Arms  |       |       |       |     1 ||     1
  Use: Scroll            |       |       |       |    28 ||    28
       Potion            |       |       |       |     4 ||     4
  Eat: Chunk             |       |     6 |    16 |    25 ||    47
Armor: Animal skin       |    25 |       |       |       ||    25
       Chain mail        |    34 |   168 |   188 |       ||   390
       Plate armour      |       |       |    63 |   639 ||   702
Dodge: Dodged            |    68 |    91 |   197 |   422 ||   778
